 Dungeon Crawl Stone Soup version 0.24-a0-280-g7cec4da (webtiles) character file.

Game seed: 12771563471202820240

101 CleoDaCat the Skirmisher (level 5, -1/42 HPs)
             Began as a Human Fighter on May 8, 2019.
             Slain by an iguana (12 damage)
             ... on level 4 of the Dungeon.
             The game lasted 00:20:33 (2763 turns).

CleoDaCat the Skirmisher (Human Fighter)            Turns: 2763, Time: 00:20:34

Health: -1/42      AC:  6    Str: 14 (17) XL:     5   Next: 4%
Magic:  5/5        EV:  5    Int:  7 (9)  God:
Gold:   75         SH:  7    Dex: 11 (12) Spells: 4/4 levels left

rFire    . . .     SeeInvis .   a - +0 long sword
rCold    . . .     Gourm    .   c - +0 shield
rNeg     . . .     Faith    .   b - +0 scale mail
rPois    .         Spirit   .   (no helmet)
rElec    .         Reflect  .   (no cloak)
rCorr    .         Harm     .   (no gloves)
MR       .....                  (no boots)
Stlth    ..........             (no amulet)
HPRegen  0.14/turn              (no ring)
MPRegen  0.09/turn              (no ring)

@: very heavily drained
A: no striking features
a: no special abilities


You were on level 4 of the Dungeon.
You were not hungry.

You visited 1 branch of the dungeon, and saw 4 of its levels.

You collected 75 gold pieces.

Inventory:

Hand Weapons
 a - a +0 long sword (weapon)
Armour
 b - a +0 scale mail (worn)
 c - a +0 shield (worn)
 g - a +0 large shield
 k - a +0 cloak
Scrolls
 e - a scroll of teleportation {unknown}
 h - a scroll of remove curse {unknown}
 i - 2 scrolls of identify {unknown}
 l - a scroll of magic mapping {unknown}
Potions
 d - a potion of brilliance {unknown}
 j - a potion of curing
Comestibles
 f - 2 rations


   Skills:
 + Level 3.7(0.4) Fighting
 + Level 2.9(0.0) Long Blades
 + Level 3.5(0.2) Armour
 + Level 0.1(0.0) Dodging
 + Level 3.7(0.3) Shields


You had 4 spell levels left.
You didn't know any spells.
Your spell library was empty.

Dungeon Overview and Level Annotations

Branches:
Dungeon (4/15)
 Temple: D:4-7

Altars:


Message History

You closely miss the frilled lizard.
The frilled lizard bites you but does no damage.
You hit the frilled lizard.
You kill the frilled lizard!
l - a scroll labeled DETTITIMICSO A worm comes into view.
Found a morningstar.
An iguana comes into view.
The iguana hisses angrily.
The iguana moves out of view.
The worm bites you.
You hit the iguana but do no damage. The iguana bites you! The worm bites you.
The iguana bites you.
You barely miss the iguana.
The iguana bites you but does no damage.
The worm bites you!
* * * LOW HITPOINT WARNING * * *
You closely miss the iguana. The iguana completely misses you.
The iguana bites you!
You die...

#............########.#######
#..........>.'...............
#............##############..
#............#......
#............#......
#............#......
#...................
#...........l.......
#..........w@.......
#...............####
#...............#
##########......# #......#
#........ #...)....
#.........


You could see a worm and an iguana.

Vanquished Creatures
  An orc wizard (D:3)
  An adder (D:2)
  2 oozes (D:2)
  3 worms (D:3)
  2 leopard geckos
  4 orcs (D:3)
  A bat (D:2)
  2 giant cockroaches (D:3)
  5 hobgoblins
  5 jackals
  4 kobolds
  2 ball pythons
  2 frilled lizards (D:4)
  5 goblins
  A rat (D:3)
40 creatures vanquished.

Notes
Turn   | Place    | Note
-------+----------+-------------------------------------------
     0 | D:1      | CleoDaCat the Human Fighter began the quest for the Orb.
     0 | D:1      | Reached XP level 1. HP: 18/18 MP: 1/1
    66 | D:1      | Reached XP level 2. HP: 21/24 MP: 2/2
  1030 | D:2      | Reached XP level 3. HP: 21/29 MP: 3/3
  1626 | D:3      | Reached XP level 4. HP: 21/35 MP: 4/4
  1659 | D:3      | HP: 1/35 [poisoned by a kobold]
  2588 | D:3      | Reached XP level 5. HP: 33/42 MP: 5/5
  2763 | D:4      | Slain by an iguana

Levels and vault maps discovered:
D:1:      minmay_arrival_hallway, layout_basic, lemuel_flame_loot_1
D:2:      minmay_door_path, layout_loops_corners
D:3:      layout_basic, first_ration
D:4:      layout_basic, lemuel_coloured_pillars_altar, minmay_temple_entry_hall,
          minmay_bisected

Action                   |  1- 3 |  4- 6 || total
-------------------------+-------+-------++-------
Melee: Long sword        |   100 |    67 ||   167
  Use: Potion            |       |     7 ||     7
  Eat: Ration            |     1 |     1 ||     2
Armor: Scale mail        |    57 |    35 ||    92
Dodge: Dodged            |    37 |    24 ||    61
Block: Shield            |    62 |    33 ||    95
       Rpst.: Long sword |     9 |     6 ||    15

Table legend:
 A = Non-vault XP
 B = Vault XP
 C = Vault XP percentage of total XP
 D = Non-vault monster count
 E = Vault monster count
 F = Vault count percentage of total count
                 A         B        C        D         E       F
            +---------+---------+-------+---------+---------+-------
      Total |     145 |       0 |   0.0 |      40 |       0 |   0.0
            +---------+---------+-------+---------+---------+-------
        D:1 |      21 |       0 |   0.0 |      11 |       0 |   0.0
        D:2 |      41 |       0 |   0.0 |      10 |       0 |   0.0
        D:3 |      81 |       0 |   0.0 |      17 |       0 |   0.0
        D:4 |       2 |       0 |   0.0 |       2 |       0 |   0.0
            +---------+---------+-------+---------+---------+-------
